 Dungeon Crawl Stone Soup version 0.29.1-15-g9cfb28693d (webtiles) character file.

Game seed: 17699696611576770122

316 hawla the Chiller (level 7, -14/50 HPs)
             Began as a Meteoran Ice Elementalist on Apr 13, 2023.
             Demolished by an ogre
             ... wielding a +0 giant club
              (22 damage)
             ... on level 5 of the Dungeon.
             The game lasted 00:06:15 (777 turns).

hawla the Chiller (Meteoran Ice Elementalist)        Turns: 777, Time: 00:06:16

Health: -14/50     AC:  2    Str: 10    XL:     7   Next: 3%
Magic:  5/13       EV: 13    Int: 18    God:
Gold:   1075       SH:  0    Dex: 15    Spells: 5/13 levels left

rFire   . . .      SeeInvis .   (no weapon)
rCold   . . .      Faith    .   (no shield)
rNeg    . . .      Spirit   .   a - +0 robe
rPois   .          Reflect  .   (no helmet)
rElec   .          Harm     .   (no cloak)
rCorr   .          Rampage  .   (no gloves)
Will    .....                   (no boots)
Stlth   +.........              (no amulet)
HPRegen 0.16/turn               (no ring)
MPRegen 0.13/turn               (no ring)

@: glowing
A: sense surroundings 1, otherworldly, glowing, explore regen
a: no special abilities


You were on level 5 of the Dungeon.
You visited 1 branch of the dungeon, and saw 5 of its levels.

You collected 1075 gold pieces.

Inventory:

Armour
 a - a +0 robe (worn)
Jewellery
 c - a ring of fire
 e - a ring of protection from fire
Wands
 f - a wand of flame (17)
Scrolls
 d - a scroll of identify
Potions
 b - a potion of berserk rage


   Skills:
 - Level 0.1 Fighting
 - Level 2.7 Dodging
 - Level 1.4 Stealth
 - Level 3.9 Spellcasting
 + Level 5.4 Conjurations
 - Level 5.7 Ice Magic


You had 5 spell levels left.
You knew the following spells:

 Your Spells              Type           Power      Damage    Failure   Level
a - Freeze                Ice            96%        1d11      1%          1
b - Frozen Ramparts       Ice            48%        1d8       4%          3
c - Hailstorm             Conj/Ice       23%        3d7       16%         4

Your spell library contained the following spells:

 Spells                   Type           Power      Damage    Failure   Level
 Ozocubu's Armour         Ice            24%        N/A       4%          3


Dungeon Overview and Level Annotations

Branches:
Dungeon (5/15) Zot: 2215
 Temple: D:4-7

Altars:
Wu Jian


Innate Abilities, Weirdness & Mutations

You passively map a small area around you.
You are easily found by Zot.
You glow in the dark.
You regain HP and MP as you explore.


Message History

You struggle against the net.
You struggle against the net.
The gnoll bouda gazes fiercely through you!
You feel your attacks grow feeble.
You struggle against the net.
You rip the net and break free!
The gnoll bouda barks out a call to the hunt!
The gnolls pick up the pace!
Your attacks no longer feel as feeble.
There is a stone staircase leading down here.
The gnoll hits you from afar with a +0 halberd.
* * * LOW HITPOINT WARNING * * *
The gnoll bouda hits you with a +0 whip!
* * * LOW HITPOINT WARNING * * *
You climb downwards.
The ogre shouts!
Found three items.
There is a stone staircase leading up here.
Casting: Hailstorm (quite dangerous; 16% risk of failure)
Confirm with . or Enter, or press ? or * to list all spells.
Casting: Frozen Ramparts (dangerous; 4% risk of failure)
Press: ? - help, Dir - look around, f - activate A stone staircase leading up.
Okay, then.
Casting: Frozen Ramparts (dangerous; 4% risk of failure)
Confirm with . or Enter, or press ? or * to list all spells.
The spell is quite dangerous to miscast (16% risk of failure)!
Continue anyway?
Casting: Hailstorm (quite dangerous; 16% risk of failure)
Press: ? - help, Dir - look around, f - activate A cannonade of hail descends around you!
The hail pelts the ogre!
The ogre is heavily wounded.
The gnoll bouda hits you with a +0 whip!
* * * LOW HITPOINT WARNING * * *
As you read the scroll labelled CESHRU YWIAWOASH, it crumbles to dust.
The scroll dissolves into smoke.
It was a scroll of fog.
The gnoll bouda hits you with a +0 whip.
* * * LOW HITPOINT WARNING * * *
The ogre hits you with a +0 giant club!!
You die...

*
##..........#
*
....."......##
* ,
.............#
?............#
*
.............#
,
......§......#
*
#.....§§g§...#
,
#....§@§....#
,
###..§O§.....#
###.....##.#
####### , * *
, , , , , ,*


You could see an ogre and a gnoll bouda.

Vanquished Creatures
  An ice beast (D:4)
  An orc priest (D:4)
  Terence (D:3)
  An orc wizard (D:4)
  Robin (D:3)
  3 gnolls (D:4)
  4 adders
  An ufetubus (D:4)
  A worm (D:2)
  3 dart slugs
  4 orcs (D:4)
  A ball python (D:3)
  3 endoplasms
  10 goblins
  9 hobgoblins
  2 bats (D:1)
  2 frilled lizards (D:2)
  3 kobolds (D:4)
  A rat (D:3)
52 creatures vanquished.

Notes
Turn   | Place    | Note
-------+----------+-------------------------------------------
     0 | D:1      | hawla the Meteoran Ice Elementalist began the quest for the
                  | Orb.
     0 | D:1      | Reached XP level 1. HP: 14/14 MP: 5/5
    58 | D:2      | Reached skill level 5 in Ice Magic
    58 | D:2      | Reached XP level 2. HP: 19/20 MP: 3/6
    79 | D:2      | Reached XP level 3. HP: 19/26 MP: 2/8
    85 | D:2      | Learned a level 3 spell: Frozen Ramparts
   140 | D:3      | Identified a scroll of acquirement
   140 | D:3      | Acquired 1002 gold pieces
   203 | D:3      | Noticed Terence
   247 | D:3      | Killed Terence
   248 | D:3      | Reached XP level 4. HP: 33/33 MP: 2/10
   259 | D:3      | Noticed Robin
   270 | D:3      | Killed Robin
   363 | D:3      | Noticed a phantom
   424 | D:3      | Found an ornate altar of the Wu Jian Council.
   451 | D:4      | Noticed an ice beast
   452 | D:4      | Reached XP level 5. HP: 32/38 MP: 7/11
   460 | D:3      | Learned a level 4 spell: Hailstorm
   565 | D:4      | Reached skill level 1 in Conjurations
   578 | D:4      | Killed an ice beast
   579 | D:4      | Reached XP level 6. HP: 7/45 MP: 2/12
   740 | D:4      | Reached skill level 5 in Conjurations
   756 | D:4      | Reached XP level 7. HP: 17/50 MP: 0/13
   774 | D:4      | HP: 2/50 [gnoll bouda/+0 whip (13)]
   775 | D:5      | Entered Level 5 of the Dungeon
   777 | D:5      | Demolished by an ogre

Illustrated notes

Levels and vault maps discovered:
D:1:      minmay_arrival_stone_box, layout_basic, minmay_misc_feat_four_crosses,
          minivault_11, minmay_heptomino_d4
D:2:      layout_rooms, serial_shops, shop,
          shapermc_ecumenical_altar_totnotflames
D:3:      layout_basic, mainiacjoe_overflow_tiny_flanked, hangedman_glass_teeth,
          chequers_avenue, uniq_terence, uniq_robin
D:4:      layout_rooms
D:5:      layout_cave_pods, mainiacjoe_overflow_alcove_2

Skill      XL: |  1  2  3  4  5  6 |
---------------+-------------------+-----
Ice Magic      | 5 |  5.7
Spellcasting   | 3 |  3.9
Conjurations   | 3 5 |  5.4
Fighting       | |  0.1
Dodging        | |  2.7
Stealth        | |  1.4

Action                   |  1- 3 |  4- 6 |  7- 9 || total
-------------------------+-------+-------+-------++-------
Melee: Unarmed           |    10 |    15 |       ||    25
 Cast: Freeze            |    18 |    33 |       ||    51
       Frozen Ramparts   |     4 |     9 |       ||    13
       Hailstorm         |       |     4 |     1 ||     5
  Use: Scroll            |     3 |     4 |     1 ||     8
       Potion            |       |     4 |       ||     4
Armor: Robe              |     5 |     8 |       ||    13
       Skin              |       |    20 |       ||    20
Dodge: Dodged            |    12 |    29 |       ||    41
